 Dungeon Crawl Stone Soup version 0.29-a0-221-gceb61267dd (webtiles) character file.

Game seed: 5310544929308162348

99465 GraveyardiganJr the Archer (level 16, -10/127 HPs)
             Began as a Gnoll Hunter on Feb 25, 2022.
             Was an Initiate of Gozag.
             Shot with an arrow by a satyr (25 damage)
             ... on level 13 of the Dungeon on Feb 26, 2022.
             The game lasted 04:33:41 (25072 turns).

GraveyardiganJr the Archer (Gnoll Hunter)          Turns: 25072, Time: 04:33:41

Health: -10/127    AC: 17    Str: 19    XL:     16   Next: 25%
Magic:  30/30      EV: 20    Int: 12    God:    Gozag
Gold:   3808       SH:  0    Dex: 23    Spells: 8/36 levels left

rFire   . . .      SeeInvis +   b - +5 longbow (flame)
rCold   + . .      Faith    .   (shield currently unavailable)
rNeg    . . .      Spirit   .   n - +4 ring mail of Death's Door {rC+ Str+5}
rPois   +          Reflect  .   (no helmet)
rElec   +          Harm     .   J - +0 cloak
rCorr   .          Rampage  .   e - +0 pair of gloves
Will    +....                   A - +2 pair of boots of Anarchy {rElec rPois}
Stlth   +++++.....              i - amulet of regeneration
HPRegen 1.11/turn               O - ring of see invisible
MPRegen 0.22/turn               y - +6 ring of dexterity

@: brilliant, afraid
A: fangs 1, strong nose, distributed training
a: Renounce Religion, Potion Petition, Call Merchant, Bribe Branch


You were on level 13 of the Dungeon.
You worshipped Gozag.
Gozag was most pleased with you.
You visited 4 branches of the dungeon, and saw 22 of its levels.
You also visited: Bailey and Volcano.

You collected 9461 gold pieces.
You spent 3330 gold pieces at shops.
You paid 2323 gold pieces to Gozag.

Inventory:

Hand Weapons
 a - a +7 great sword of protection
 b - a +5 longbow of flaming (weapon)
 d - a +4 battleaxe
 q - a +4 dagger
Missiles
 o - 3 atropa-tipped darts
 x - 7 javelins
 H - 10 curare-tipped darts
Armour
 e - a +0 pair of gloves (worn)
 n - the +4 ring mail of Death's Door (worn) {rC+ Str+5}
   (You found it on level 10 of the Dungeon)

   Str:       It affects your strength (+5).
   rC:        It protects you from cold.
 A - the +2 pair of boots of Anarchy (worn) {rElec rPois}
   (You acquired it on level 7 of the Dungeon)

   rElec:     It insulates you from electricity.
   rPois:     It protects you from poison.
 F - a +3 leather armour of fire resistance
 J - a +0 cloak (worn)
Jewellery
 h - a +6 ring of intelligence
 i - an amulet of regeneration (around neck)
 y - a +6 ring of dexterity (right hand)
 N - a ring of protection from fire
 O - a ring of see invisible (left hand)
Wands
 f - a wand of flame (44)
 m - a wand of polymorph (6)
 t - a wand of mindburst (7)
 v - a wand of digging (8)
Scrolls
 g - 10 scrolls of teleportation
 j - a scroll of fear
 k - a scroll of silence
 l - 4 scrolls of blinking
 z - 2 scrolls of amnesia
 C - a scroll of vulnerability
 E - a scroll of holy word
 G - a scroll of summoning
 K - 5 scrolls of magic mapping
 M - 2 scrolls of fog
Potions
 c - 3 potions of might
 p - 6 potions of curing
 r - 3 potions of haste
 s - a potion of invisibility
 u - 3 potions of magic
 w - a potion of lignification
 B - 4 potions of brilliance
 D - 4 potions of heal wounds
 Q - a potion of berserk rage
 S - 2 potions of flight
Miscellaneous
 R - a phantom mirror


   Skills:
 + Level 11.7 Fighting
 + Level 10.7 Short Blades
 + Level 10.7 Long Blades
 + Level 10.7 Axes
 + Level 10.7 Maces & Flails
 + Level 10.7 Polearms
 + Level 10.7 Staves
 + Level 10.7 Slings
 + Level 13.5 Bows
 + Level 10.7 Crossbows
 + Level 10.7 Throwing
 + Level 10.7 Armour
 + Level 11.7 Dodging
 + Level 11.0 Stealth
 + Level 10.7 Shields
 + Level 10.7 Unarmed Combat
 + Level 10.7 Spellcasting
 + Level 9.0 Conjurations
 + Level 9.0 Hexes
 + Level 9.0 Summonings
 + Level 9.0 Necromancy
 + Level 9.0 Translocations
 + Level 9.0 Transmutations
 + Level 9.0 Fire Magic
 + Level 9.0 Ice Magic
 + Level 9.0 Air Magic
 + Level 9.0 Earth Magic
 + Level 9.0 Poison Magic
 + Level 11.7 Invocations
 + Level 10.7 Evocations


You had 8 spell levels left.
You knew the following spells:

 Your Spells              Type           Power      Damage    Failure   Level
a - Apportation           Tloc           84%        N/A       1%          1
e - Swiftness             Air            42%        N/A       1%          3
g - Ignite Poison         Fire/Tmut/Pois 42%        N/A       1%          3
i - Silence               Hex/Air        21%        N/A       11%         5
p - Portal Projectile     Hex/Tloc       84%        N/A       1%          3
s - Passwall              Tmut/Erth      35%        N/A       1%          2
v - Poisonous Vapours     Pois/Air       84%        N/A       1%          2
w - Wereblood             Tmut           42%        N/A       1%          2
x - Olgreb's Toxic Radia  Pois           42%        N/A       4%          4
z - Dazzling Flash        Conj/Hex       84%        N/A       1%          3

Your spell library contained the following spells:

 Spells                   Type           Power      Damage    Failure   Level
 Beastly Appendage        Tmut           84%        N/A       1%          1
 Sandblast                Erth           84%        2d18      1%          1
 Shock                    Conj/Air       100%       1d9       1%          1
 Sting                    Tmut/Pois      100%       1d8       1%          1
 Spider Form              Tmut/Pois      42%        N/A       1%          3
 Stone Arrow              Conj/Erth      84%        3d12      1%          3
 Airstrike                Air            21%        N/A       4%          4
 Iskenderun's Mystic Bla  Conj/Tloc      42%        2d10      4%          4
 Passage of Golubria      Tloc           42%        N/A       4%          4
 Alistair's Intoxication  Tmut/Pois      28%        N/A       11%         5
 Fireball                 Conj/Fire      21%        3d10      11%         5
 Yara's Violent Unravell  Hex/Tmut       21%        3d10      11%         5
 Starburst                Conj/Fire      21%        6d7       52%         6
 Ignition                 Fire           21%        3d8       100%        8
 Lehudib's Crystal Spear  Conj/Erth      21%        10d6      100%        8


Dungeon Overview and Level Annotations

Branches:
Dungeon (13/15)            Temple (1/1) D:6            Lair (6/6) D:8
 Shoals (0/4) Lair:4        Snake (0/4) Lair:2        Slime (0/5) Lair:6
    Orc (2/2) D:11            Elf (0/3) Orc:2        Vaults (0/5) D:13
 Bailey (visited)         Volcano (visited)

Altars:
Ashenzari
Cheibriados
Dithmenos
Elyvilon
Fedhas
Gozag
Hepliaklqana
Kikubaaqudgha
Makhleb
Nemelex Xobeh
Okawaru
Qazlal
Ru
Sif Muna
Trog
Uskayaw
Vehumet
Wu Jian
Xom
Yredelemnul
Zin
The Shining One
Beogh
Jiyva

Shops:
D:3 !   D:12 *   Orc:2 ?*=:

Portals:
Hell: Lair:6

Annotations:
D:7 Pikel
D:8 exclusion: door
D:9 Psyche
D:10 Urug
Lair:3 Rupert
Lair:4 exclusion: 2 oklob plants
Orc:1 Fannar


Innate Abilities, Weirdness & Mutations

You have very sharp teeth.
Your uncanny sense of smell can sniff out nearby items.
Your experience applies equally to all skills.


Message History

You shoot an arrow. The arrow hits the satyr.
The arrow burns the satyr.
The satyr is moderately wounded.
The satyr shoots an arrow.
The arrow barely misses you.
You shoot an arrow. The arrow barely misses the satyr.
The satyr shoots an arrow.
The arrow hits you!
You shoot an arrow. The arrow closely misses the satyr.
The satyr shoots an arrow.
The arrow hits you!
You shoot an arrow. The arrow hits the satyr!
The arrow burns the satyr.
The satyr is heavily wounded.
The satyr shoots an arrow.
The arrow misses you.
Throw: 4 darts (atropa)
Press: ? - help, Shift-Dir - straight line, f/p - satyr
Aim: a satyr, wielding a +0 longbow (heavily wounded, inspiring fear, 67% to hit, chance to blind on hit: 46%)
You throw an atropa-tipped dart. The atropa-tipped dart hits the satyr!
The satyr resists.
The satyr is heavily wounded.
The satyr plays a lulling melody on his pipes!
You fall asleep.
The satyr shoots an arrow.
The arrow hits you!!
You wake up.
You shoot an arrow. The arrow hits the satyr!
The arrow burns the satyr.
The satyr is severely wounded.
The satyr shoots an arrow.
The arrow hits you!!
You are too injured to fight recklessly!
Shoot: b) +5 longbow (flame)
Press: ? - help, Q - select action, (/) - cycle Shift-Dir - straight line, f/p - satyr
Aim: a satyr, wielding a +0 longbow (severely wounded, inspiring fear, 70% to hit)
You shoot an arrow. The arrow barely misses the satyr.
The satyr shoots an arrow.
The arrow hits you!!
* * * LOW HITPOINT WARNING * * *
[a] - 270 gold - resistance [b] - 290 gold - resistance [c] - 600 gold - heal wounds, curing, magic and brilliance Purchase which effect?
You feel much better.
You feel better. Magic courses through your body.
You feel clever all of a sudden.
The satyr shoots an arrow.
The arrow hits you!!
* * * LOW HITPOINT WARNING * * *
The satyr shoots an arrow.
The arrow hits you!!
You die...
Your body crumbles into a pile of gold.

#####....... ####
##..#...####.
##..#####.......# #.
#....#..#.......# ##
##..............####.
#....................
##.#...#..............
#....<##..............
##...@###.............
#....#............###
#......######....<..#
##..c###...$###....<.
###.>.'$...c.$.##.....
######....######.....#.....
###.#..#....##...#
.c.##....
#.........#......# . #....
##........###....### #....


You could see a satyr (scary).

Vanquished Creatures
  A stone giant (Volcano)
  Snorg (Lair:6)
  An ettin (Orc:2)
  A fire dragon (D:10)
  A boulder beetle (D:13)
  A vault guard (D:13)
  14 hydras
  Erica (D:8)
  3 centaur warriors
  A radroach (shapeshifter) (D:10)
  A catoblepas (Lair:6)
  7 two-headed ogres
  6 death yaks
  The ghost of sammy202020 the Fighter, a novice DsBe of Trog (D:9)
  2 satyrs (D:13)
  A tengu warrior (D:13)
  5 orc high priests (Orc:2)
  A sun demon (Lair:6)
  5 skeletal warriors (D:13)
  A glowing orange brain (D:13)
  A wizard (Lair:6)
  6 orc knights (Orc:2)
  2 deep elf pyromancers
  2 orc sorcerers
  3 ugly things
  2 manticores
  5 cyclopes
  3 merfolk sirens (Lair:4)
  A smoke demon (Lair:6)
  4 black mambas
  10 elephants (Lair:6)
  Joseph (D:9)
  4 rime drakes
  2 orange demons (Lair:6)
  2 molten gargoyles (Volcano)
  A gargoyle (Volcano)
  7 kobold demonologists
  12 komodo dragons
  9 cane toads
  An efreet (Volcano)
  3 unseen horrors
  3 ice devils (Lair:6)
  A tengu conjurer (D:13)
  A red devil (Lair:6)
  6 trolls
  A merfolk (Lair:4)
  4 polar bears
  A tarantella (Orc:2)
  2 slime creatures (D:8)
  22 dream sheep
  15 blink frogs
  4 shadows (D:10)
  4 wyverns
  A vampire (D:12)
  A fire bat (Volcano)
  54 yaks
  6 basilisks
  A fire elemental (Volcano)
  4 wraiths
  4 steam dragons
  Menkaure (D:7)
  4 nagas (Lair:2)
  6 wargs (Orc:2)
  22 water moccasins
  2 acid dragons
  A floating eye (Lair:4)
  4 hell hounds (Lair:6)
  5 sky beasts
  3 black bears
  4 ice beasts
  2 necrophages
  31 orc warriors
  16 ogres
  46 wolves
  5 centaurs
  6 kobold brigands (D:9)
  16 bullfrogs
  2 earth elementals (Volcano)
  2 gnoll sergeants
  3 scorpions
  8 killer bees
  13 wights
  5 electric eels
  A centaur zombie (D:5)
  3 hounds
  6 lava snakes (Volcano)
  2 jellies
  28 orc priests
  2 gnoll shamans
  5 iguanas
  20 orc wizards
  A hound zombie (D:5)
  A hound skeleton (D:4)
  14 gnolls
  A howler monkey skeleton (D:5)
  4 adders
  2 shadow imps (D:7)
  A white imp (D:6)
  2 worms
  4 dart slugs
  66 orcs
  7 ball pythons
  2 endoplasms
  6 giant cockroaches
  4 hobgoblins
  5 jackals
  6 quokkas
  6 bats
  4 frilled lizards
  8 goblins
  A jackal skeleton (D:4)
  6 kobolds
  6 rats
  A butterfly (D:6)
703 creatures vanquished.

Vanquished Creatures (others)
  A shadow wraith (D:13)
  A spriggan (Bailey)
  3 orcs (D:7)
  47 fungi
  103 plants
155 creatures vanquished.

Grand Total: 858 creatures vanquished

Notes
Turn   | Place    | Note
-------+----------+-------------------------------------------
     0 | D:1      | GraveyardiganJr the Gnoll Hunter began the quest for the
                  | Orb.
     0 | D:1      | Reached XP level 1. HP: 20/20 MP: 1/1
    80 | D:1      | Reached XP level 2. HP: 26/26 MP: 2/2
    93 | D:1      | Found a faded altar of an unknown god.
   187 | D:1      | Prayed at the altar of an unknown god.
   187 | D:1      | Became a worshipper of Gozag Ym Sagoz the Greedy
   217 | D:1      | Reached XP level 3. HP: 31/31 MP: 3/3
   319 | D:1      | You fall into a shaft and drop 1 floor!
   762 | D:2      | Found a broken altar of Ashenzari.
   816 | D:2      | Reached skill level 1 in Invocations
   961 | D:2      | Reached skill level 1 in Short Blades
   961 | D:2      | Reached skill level 1 in Long Blades
   961 | D:2      | Reached skill level 1 in Axes
   961 | D:2      | Reached skill level 1 in Maces & Flails
   961 | D:2      | Reached skill level 1 in Polearms
   961 | D:2      | Reached skill level 1 in Staves
   961 | D:2      | Reached skill level 1 in Slings
   961 | D:2      | Reached skill level 1 in Crossbows
   961 | D:2      | Reached skill level 1 in Throwing
   961 | D:2      | Reached skill level 1 in Armour
   961 | D:2      | Reached skill level 1 in Shields
   961 | D:2      | Reached skill level 1 in Unarmed Combat
   961 | D:2      | Reached skill level 1 in Spellcasting
   961 | D:2      | Reached skill level 1 in Evocations
   961 | D:2      | Reached XP level 4. HP: 32/38 MP: 5/5
  1499 | D:3      | Reached skill level 1 in Conjurations
  1499 | D:3      | Reached skill level 1 in Hexes
  1499 | D:3      | Reached skill level 1 in Summonings
  1499 | D:3      | Reached skill level 1 in Necromancy
  1499 | D:3      | Reached skill level 1 in Translocations
  1499 | D:3      | Reached skill level 1 in Transmutations
  1499 | D:3      | Reached skill level 1 in Fire Magic
  1499 | D:3      | Reached skill level 1 in Ice Magic
  1499 | D:3      | Reached skill level 1 in Air Magic
  1499 | D:3      | Reached skill level 1 in Earth Magic
  1499 | D:3      | Reached skill level 1 in Poison Magic
  1828 | D:3      | Found Cauz's Distillery.
  1832 | D:3      | Bought a potion of curing for 36 gold pieces
  1832 | D:3      | Bought a potion of lignification for 36 gold pieces
  1832 | D:3      | Bought a potion of haste for 120 gold pieces
  1832 | D:3      | Bought a potion of curing for 36 gold pieces
  1832 | D:3      | Bought a potion of degeneration for 12 gold pieces
  1832 | D:3      | Bought a potion of might for 48 gold pieces
  2045 | D:3      | Reached XP level 5. HP: 43/43 MP: 5/7
  2319 | D:4      | Noticed a necrophage
  2671 | D:4      | Killed a necrophage
  2672 | D:4      | Reached skill level 5 in Fighting
  2672 | D:4      | Reached skill level 5 in Dodging
  2672 | D:4      | Reached XP level 6. HP: 51/51 MP: 8/8
  3082 | D:5      | Entered Level 5 of the Dungeon
  3329 | D:5      | Reached XP level 7. HP: 56/56 MP: 10/10
  3940 | D:5      | Upgraded the game from 0.29-a0-214-g17f627cfee to
                  | 0.29-a0-219-g0a02b1cf4f
  3975 | D:5      | Reached skill level 9 in Bows
  4282 | D:6      | Reached XP level 8. HP: 63/63 MP: 12/12
  4332 | D:6      | Learned a level 1 spell: Apportation
  4630 | D:6      | Found a staircase to the Ecumenical Temple.
  4635 | Temple   | Entered the Ecumenical Temple
  5124 | D:6      | Identified 2 scrolls of acquirement
  5124 | D:6      | Acquired 523 gold pieces
  5640 | D:6      | Reached XP level 9. HP: 39/69 MP: 14/14
  5931 | D:7      | Noticed Menkaure
  6004 | D:7      | Acquired the +2 pair of boots of Anarchy {rElec rPois}
  6578 | D:7      | Killed Menkaure
  6579 | D:7      | Reached skill level 5 in Stealth
  6605 | D:7      | Learned a level 2 spell: Poisonous Vapours
  6678 | D:7      | Reached skill level 5 in Invocations
  7001 | D:7      | Learned a level 3 spell: Swiftness
  7273 | D:7      | Noticed Pikel
  7332 | D:8      | Found a flagged portal.
  7337 | D:8      | Identified the +1 halberd "Hafuaseu" {speed, Dex+4}
  7342 | Bailey   | Entered a bailey
  7361 | Bailey   | Reached XP level 10. HP: 47/77 MP: 17/17
  7375 | Bailey   | Reached skill level 5 in Short Blades
  7375 | Bailey   | Reached skill level 5 in Long Blades
  7375 | Bailey   | Reached skill level 5 in Axes
  7375 | Bailey   | Reached skill level 5 in Maces & Flails
  7375 | Bailey   | Reached skill level 5 in Polearms
  7375 | Bailey   | Reached skill level 5 in Staves
  7375 | Bailey   | Reached skill level 5 in Slings
  7375 | Bailey   | Reached skill level 5 in Crossbows
  7375 | Bailey   | Reached skill level 5 in Throwing
  7375 | Bailey   | Reached skill level 5 in Armour
  7375 | Bailey   | Reached skill level 5 in Shields
  7375 | Bailey   | Reached skill level 5 in Unarmed Combat
  7375 | Bailey   | Reached skill level 5 in Spellcasting
  7375 | Bailey   | Reached skill level 5 in Evocations
  7415 | Bailey   | Reached skill level 10 in Bows
  8082 | D:8      | Noticed a catoblepas
  8286 | D:8      | Noticed a centaur warrior
  8302 | D:8      | Killed a centaur warrior
  8736 | D:8      | Found an ornate altar of the Wu Jian Council.
  8874 | D:8      | Killed an unseen horror
  8875 | D:8      | Reached XP level 11. HP: 45/84 MP: 19/19
  8895 | D:8      | Found a staircase to the Lair.
  9093 | D:8      | Noticed Erica
  9114 | D:8      | Killed Erica
  9115 | D:8      | Reached skill level 5 in Conjurations
  9115 | D:8      | Reached skill level 5 in Hexes
  9115 | D:8      | Reached skill level 5 in Summonings
  9115 | D:8      | Reached skill level 5 in Necromancy
  9115 | D:8      | Reached skill level 5 in Translocations
  9115 | D:8      | Reached skill level 5 in Transmutations
  9115 | D:8      | Reached skill level 5 in Fire Magic
  9115 | D:8      | Reached skill level 5 in Ice Magic
  9115 | D:8      | Reached skill level 5 in Air Magic
  9115 | D:8      | Reached skill level 5 in Earth Magic
  9115 | D:8      | Reached skill level 5 in Poison Magic
  9601 | D:9      | Noticed a two-headed ogre
  9632 | D:9      | Killed a two-headed ogre
  9682 | D:9      | Noticed Psyche
  9708 | D:9      | Noticed Joseph
  9720 | D:9      | Killed Joseph
  9753 | D:9      | Found a runed translucent gate.
  9754 | D:9      | Found a runed translucent gate.
  9755 | D:9      | Found a runed translucent gate.
  9758 | D:9      | Noticed sammy202020's ghost (novice DsBe)
  9764 | D:9      | Noticed a two-headed ogre
  9784 | D:9      | Killed a two-headed ogre
 10225 | D:9      | Noticed a two-headed ogre
 10240 | D:9      | Killed a two-headed ogre
 10249 | D:9      | Identified the +0 plate armour of Shadows and Fog {rC+}
 10489 | D:10     | Entered Level 10 of the Dungeon
 10535 | D:10     | Identified the +4 ring mail of Death's Door {rC+ Str+5}
 10566 | D:10     | Noticed Urug
 10673 | D:10     | Noticed a two-headed ogre
 10708 | D:10     | Killed a two-headed ogre
 10956 | D:10     | Reached XP level 12. HP: 93/93 MP: 22/22
 11243 | D:10     | Reached skill level 11 in Bows
 11321 | D:10     | Identified the +4 broad axe of Prudence {venom, rF- Str+2
                  | Dex+7 Stlth+}
 11930 | D:10     | Noticed a fire dragon
 12120 | D:11     | Found a staircase to the Orcish Mines.
 12258 | D:11     | Noticed a two-headed ogre
 12420 | D:11     | Killed a two-headed ogre
 12456 | D:11     | Noticed a soul eater
 12606 | D:11     | Noticed a two-headed ogre
 12619 | D:11     | Killed a two-headed ogre
 12810 | Orc:1    | Entered Level 1 of the Orcish Mines
 12912 | Orc:1    | You fall into a shaft and drop 1 floor!
 12912 | Orc:2    | Entered Level 2 of the Orcish Mines
 12916 | Orc:2    | Noticed an ettin
 12926 | Orc:2    | Killed an ettin
 12973 | Orc:2    | Found a dark tunnel.
 12978 | Volcano  | Entered a volcano
 12979 | Volcano  | Upgraded the game from 0.29-a0-219-g0a02b1cf4f to
                  | 0.29-a0-221-gceb61267dd
 13151 | Volcano  | Found a bloodstained altar of Trog.
 13177 | Volcano  | Reached XP level 13. HP: 40/101 MP: 24/24
 13238 | Volcano  | Noticed a stone giant
 13247 | Volcano  | Killed a stone giant
 13490 | Orc:1    | Noticed Fannar
 13593 | Orc:1    | Noticed Maurice
 13601 | Orc:1    | Noticed Maurice
 13604 | Orc:1    | Killed Maurice the goblin
 14069 | Orc:2    | Found a staircase to the Elven Halls.
 14518 | Orc:2    | Learned a level 4 spell: Olgreb's Toxic Radiance
 15487 | Orc:2    | Reached skill level 12 in Bows
 15532 | Orc:2    | Found Baxyrizo's Book Boutique.
 15532 | Orc:2    | Found Riboevif's Magic Scroll Boutique.
 15533 | Orc:2    | Found Ipius's Jewellery Shop.
 15533 | Orc:2    | Found Yteset's Assorted Antiques.
 15543 | Orc:2    | Bought a scroll of teleportation for 81 gold pieces
 15543 | Orc:2    | Bought a scroll labelled ENYF KYBEA for 27 gold pieces
 15543 | Orc:2    | Bought a scroll of magic mapping for 94 gold pieces
 15543 | Orc:2    | Bought a shiny copper wand for 108 gold pieces
 15547 | Orc:2    | Bought a scroll of magic mapping for 56 gold pieces
 15547 | Orc:2    | Bought a scroll of fog for 32 gold pieces
 15547 | Orc:2    | Bought a scroll of brand weapon for 320 gold pieces
 15561 | Orc:2    | Bought a scroll of teleportation for 48 gold pieces
 15561 | Orc:2    | Bought a scroll of teleportation for 48 gold pieces
 15564 | Orc:2    | Bought a ring of protection from fire for 350 gold pieces
 15564 | Orc:2    | Bought a ring of see invisible for 210 gold pieces
 15565 | Orc:2    | Bought the Disquisition on Hexes and Contamination for 768
                  | gold pieces
 15565 | Orc:2    | Bought a book of Changes for 288 gold pieces
 15569 | Orc:2    | Learned a level 2 spell: Wereblood
 15573 | Orc:2    | Learned a level 3 spell: Dazzling Flash
 15577 | Orc:2    | Learned a level 3 spell: Ignite Poison
 15581 | Orc:2    | Learned a level 3 spell: Portal Projectile
 15761 | D:10     | Killed a fire dragon
 15846 | Lair:1   | Entered Level 1 of the Lair of Beasts
 15973 | Lair:1   | You fall into a shaft and drop 1 floor!
 16011 | Lair:2   | Found a staircase to the Snake Pit.
 16320 | Lair:1   | Reached skill level 10 in Fighting
 16320 | Lair:1   | Reached skill level 10 in Dodging
 16321 | Lair:1   | Reached XP level 14. HP: 110/110 MP: 15/26
 18456 | Lair:3   | Reached skill level 10 in Invocations
 18773 | Lair:3   | Noticed Rupert
 19128 | Lair:4   | Found a staircase to the Shoals.
 19838 | Lair:4   | Paralysed by a floating eye for 4 turns
 21007 | Lair:6   | Entered Level 6 of the Lair of Beasts
 21116 | Lair:5   | Reached skill level 10 in Stealth
 21210 | Lair:6   | Reached XP level 15. HP: 116/117 MP: 17/28
 21464 | Lair:6   | Found a staircase to the Slime Pits.
 21464 | Lair:6   | Found a viscous altar of Jiyva.
 21525 | Lair:6   | Noticed Snorg
 21535 | Lair:6   | Killed Snorg
 21536 | Lair:6   | Reached skill level 10 in Short Blades
 21536 | Lair:6   | Reached skill level 10 in Long Blades
 21536 | Lair:6   | Reached skill level 10 in Axes
 21536 | Lair:6   | Reached skill level 10 in Maces & Flails
 21536 | Lair:6   | Reached skill level 10 in Polearms
 21536 | Lair:6   | Reached skill level 10 in Staves
 21536 | Lair:6   | Reached skill level 10 in Slings
 21536 | Lair:6   | Reached skill level 10 in Crossbows
 21536 | Lair:6   | Reached skill level 10 in Throwing
 21536 | Lair:6   | Reached skill level 10 in Armour
 21536 | Lair:6   | Reached skill level 10 in Shields
 21536 | Lair:6   | Reached skill level 10 in Unarmed Combat
 21536 | Lair:6   | Reached skill level 10 in Spellcasting
 21536 | Lair:6   | Reached skill level 10 in Evocations
 21684 | Lair:6   | Reached skill level 13 in Bows
 22412 | Lair:6   | Found a burning altar of Makhleb.
 22491 | Lair:6   | Found a gateway to Hell.
 23161 | D:9      | Killed sammy202020's ghost
 23636 | D:12     | Found Cinenuba's Assorted Antiques.
 23644 | D:12     | Bought a scroll of enchant weapon for 270 gold pieces
 23644 | D:12     | Bought a scroll of summoning for 342 gold pieces
 24184 | D:13     | Learned a level 2 spell: Passwall
 24260 | D:13     | Reached XP level 16. HP: 126/126 MP: 27/30
 24277 | D:13     | Learned a level 5 spell: Silence
 24578 | D:13     | Found a gate to the Vaults.
 25072 | D:13     | Shot with an arrow by a satyr

Illustrated notes

Levels and vault maps discovered:
D:1:      heliophobic_arrival_enchanted_forest, layout_rooms,
          nicolae_ecumenical_snake_handling, minivault_27
D:2:      layout_basic, basic_altar
D:3:      layout_loops_cross, serial_shops, shop, serial_co_window_serial,
          co_window_of_opportunity_a, co_window_paths_b, co_window_paths_b,
          co_window_corner_a, co_window_cross_1, co_window_2corner,
          co_window_cross_2, co_window_paths_c, co_window_4corner_a,
          glass_columns_c, st_stairs_9, hangedman_glass_teeth
D:4:      layout_rooms
D:5:      layout_loops_ring
D:6:      layout_loops_ring, minmay_temple_entry_butterflies
D:7:      layout_rooms, lightli_minifort, uniq_pikel, uniq_menkaure
D:8:      layout_basic, nicolae_wu_jian_wuxing_cycle,
          grunt_lair_entry_orc_guard_hut, enter_bailey_2,
          chequers_serial_rivers_micro_d, minmay_shattered_shrine, uniq_erica
D:9:      layout_irregular_city, gammafunk_ghost_nasty_kobolds,
          kennysheep_generic_room_15, uniq_psyche, uniq_joseph
D:10:     nzn_winding_woodlands_cross [nzn_winding_woodlands_5x15_pool,
          nzn_winding_woodlands_5x15_default, nzn_winding_woodlands_5x15_garden,
          nzn_winding_woodlands_5x15_parted,
          nzn_winding_woodlands_15x15_five_gardens], layout_layer_cave,
          uniq_urug
D:11:     layout_rooms, orc_0_dummy
D:12:     layout_loops_corners, serial_shops, shop
D:13:     layout_cave_pools, david_vaults_5, hellmonk_guarded_unrand_night
Temple:   mainiacjoe_temple_circle_huts
Lair:1:   layout_cave_shapes, serial_bayou_shore_a
Lair:2:   layout_cave_pods, minmay_snake_entry_guardpost_small,
          serial_bayou_pond_b
Lair:3:   hellmonk_destroyed_diamonds, layout_cave_pods, beast_lair_carwin_5,
          uniq_rupert
Lair:4:   layout_long_grid, elwin_shoals_entry_stream, disabler_island
Lair:5:   layout_long_grid, grunt_megastairs_4
Lair:6:   evil_forest, layout_concentric_octagons, slime_altar_1,
          chequers_serial_rivers_micro_c, uniq_snorg
Orc:1:    layout_diamond_mine, basic_altar, nicolae_orc_lost_temple,
          uniq_fannar, uniq_maurice
Orc:2:    st_orc_pillars, layout_diamond_mine, enter_volcano_4, nooodl_orcs_dogs

Skill      XL: |  1  2  3  4  5  6  7  8  9 10 11 12 13 14 15 16 |
---------------+-------------------------------------------------+-----
Invocations    | 1 2 3 4 5 6 7 8 9 10 11 | 11.7
Short Blades   | 1 2 3 4 5 6 7 8 9 10 | 10.7
Long Blades    | 1 2 3 4 5 6 7 8 9 10 | 10.7
Axes           | 1 2 3 4 5 6 7 8 9 10 | 10.7
Maces & Flails | 1 2 3 4 5 6 7 8 9 10 | 10.7
Polearms       | 1 2 3 4 5 6 7 8 9 10 | 10.7
Staves         | 1 2 3 4 5 6 7 8 9 10 | 10.7
Slings         | 1 2 3 4 5 6 7 8 9 10 | 10.7
Crossbows      | 1 2 3 4 5 6 7 8 9 10 | 10.7
Throwing       | 1 2 3 4 5 6 7 8 9 10 | 10.7
Armour         | 1 2 3 4 5 6 7 8 9 10 | 10.7
Shields        | 1 2 3 4 5 6 7 8 9 10 | 10.7
Unarmed Combat | 1 2 3 4 5 6 7 8 9 10 | 10.7
Spellcasting   | 1 2 3 4 5 6 7 8 9 10 | 10.7
Evocations     | 1 2 3 4 5 6 7 8 9 10 | 10.7
Conjurations   | 1 2 3 4 5 6 7 8 9 |  9.0
Hexes          | 1 2 3 4 5 6 7 8 9 |  9.0
Summonings     | 1 2 3 4 5 6 7 8 9 |  9.0
Necromancy     | 1 2 3 4 5 6 7 8 9 |  9.0
Translocations | 1 2 3 4 5 6 7 8 9 |  9.0
Transmutations | 1 2 3 4 5 6 7 8 9 |  9.0
Fire Magic     | 1 2 3 4 5 6 7 8 9 |  9.0
Ice Magic      | 1 2 3 4 5 6 7 8 9 |  9.0
Air Magic      | 1 2 3 4 5 6 7 8 9 |  9.0
Earth Magic    | 1 2 3 4 5 6 7 8 9 |  9.0
Poison Magic   | 1 2 3 4 5 6 7 8 9 |  9.0
Fighting       | 5 6 7 8 9 10 11 | 11.7
Dodging        | 5 6 7 8 9 10 11 | 11.7
Stealth        | 3 4 5 6 7 8 9 10 11 | 11.0
Bows           | 9 10 11 12 13 | 13.5

Action                   |  1- 3 |  4- 6 |  7- 9 | 10-12 | 13-15 | 16-18 || total
-------------------------+-------+-------+-------+-------+-------+-------++-------
Melee: Hand axe          |     3 |    25 |     8 |     2 |       |       ||    38
       Dagger            |       |   100 |   330 |    19 |    10 |     2 ||   461
       Bite              |       |     9 |    38 |    50 |    69 |     7 ||   173
       Punch             |       |     3 |    11 |     4 |     3 |       ||    21
       Halberd           |       |       |     7 |    99 |       |       ||   106
       Great sword       |       |       |       |   208 |   453 |    49 ||   710
       Scimitar          |       |       |       |    24 |    44 |       ||    68
       Unarmed           |       |       |       |       |     4 |       ||     4
       Battleaxe         |       |       |       |       |     9 |       ||     9
 Fire: Shortbow          |    71 |    80 |   138 |   247 |       |       ||   536
       Longbow           |       |       |       |       |   471 |    34 ||   505
Throw: Boomerang         |       |       |     2 |     1 |       |       ||     3
       Dart              |       |       |     1 |    15 |    10 |     2 ||    28
 Cast: Apportation       |       |       |     1 |    13 |     8 |       ||    22
       Poisonous Vapours |       |       |       |    19 |    29 |     2 ||    50
       Swiftness         |       |       |       |     1 |     3 |       ||     4
       Olgreb's Toxic Ra |       |       |       |       |    37 |     5 ||    42
       Dazzling Flash    |       |       |       |       |    19 |     1 ||    20
       Ignite Poison     |       |       |       |       |    34 |     3 ||    37
       Portal Projectile |       |       |       |       |     2 |       ||     2
       Wereblood         |       |       |       |       |     2 |     2 ||     4
       Passwall          |       |       |       |       |     1 |       ||     1
Invok: Potion Petition   |       |       |       |     1 |     2 |     1 ||     4
Evoke: Wand              |       |       |     4 |    21 |    15 |     3 ||    43
  Use: Potion            |       |     2 |     6 |     2 |     3 |       ||    13
       Scroll            |       |     4 |     5 |    15 |    14 |       ||    38
 Stab: Sleeping          |       |     2 |     3 |     5 |    13 |     1 ||    24
       Distracted        |       |       |     3 |     5 |     6 |       ||    14
       Invisible         |       |       |       |       |     7 |       ||     7
Armor: Leather armour    |     6 |    14 |    12 |       |     7 |       ||    39
       Skin              |       |    12 |       |    10 |       |       ||    22
       Scale mail        |       |    40 |     3 |       |       |       ||    43
       Ring mail         |       |       |    88 |    94 |   241 |    39 ||   462
Dodge: Dodged            |    10 |    61 |   170 |   217 |   590 |    73 ||  1121

Table legend: (Time is in decaauts)
 A = Elapsed time spent in this place.
 B = Non-inter-level travel time spent in this place.
 C = Inter-level travel time spent in this place.
 D = Time resting spent in this place.
 E = Time spent auto-exploring this place.
 F = Levels seen in this place.
 G = Mean time per level.
                   A        B        C        D        E       F      G
               +--------+--------+--------+--------+--------+-----+--------+
         Total |  25085 |  23323 |   1762 |   1562 |  12571 |  24 | 1045.2 |
       Dungeon |  14905 |  13704 |   1201 |   1244 |   7523 |  13 | 1146.5 |
        Temple |    314 |    304 |     10 |     18 |    261 |   1 |  314.0 |
          Lair |   6844 |   6427 |    417 |     94 |   3990 |   6 | 1140.7 |
  Orcish Mines |   2586 |   2452 |    134 |    105 |    776 |   2 | 1293.0 |
        Bailey |    116 |    116 |      0 |     19 |     20 |   1 |  116.0 |
       Volcano |    318 |    318 |      0 |     81 |      0 |   1 |  318.0 |
               +--------+--------+--------+--------+--------+-----+--------+

Top non-repeatable levels by time:
    D:10: 2135 daAuts
     D:8: 1912 daAuts
   Orc:2: 1870 daAuts
     D:6: 1548 daAuts
  Lair:1: 1442 daAuts
  Lair:5: 1407 daAuts
  Lair:6: 1300 daAuts
     D:9: 1291 daAuts
     D:7: 1228 daAuts
     D:5: 1175 daAuts
     D:3: 1109 daAuts
  Lair:4: 1070 daAuts
  Lair:2: 968 daAuts
    D:12: 905 daAuts
    D:13: 860 daAuts
